 Dungeon Crawl Stone Soup version 0.27.1-34-g3ba077fa99 (webtiles) character file.

Game seed: 2343088626562584360

899 comborobin the Covert (level 7, 0/52 HPs)
             Began as a Vampire Delver on Jan 8, 2022.
             Was an Elder of Cheibriados.
             Slain by boopmooplesden's ghost (11 damage)
             ... on level 3 of the Dungeon.
             The game lasted 00:08:46 (4760 turns).

comborobin the Covert (Vampire Delver)              Turns: 4760, Time: 00:08:47

Health: 0/52       AC:  3    Str: 19    XL:     7   Next: 79%
Magic:  2/8        EV: 15    Int: 22    God:    Cheibriados [****..]
Gold:   235        SH:  0    Dex: 31    Spells: 6/6 levels left

rFire    . . .     SeeInvis +   i - +1 dagger (elec)
rCold    . . .     Faith    +   (no shield)
rNeg     . . .     Spirit   .   a - +0 leather armour
rPois    +         Reflect  .   (helmet restricted)
rElec    .         Harm     .   (no cloak)
rCorr    .         Rampage  .   (no gloves)
Will     .....                  (no boots)
Stlth    ++++......             j - amulet of faith
HPRegen  0.37/turn              l - ring of poison resistance
MPRegen  0.11/turn              q - +6 ring of dexterity

@: silenced, healing quickly, very slow
A: alive, fangs 3, see invisible, vampiric 2, antennae 1, talons 1, weak 1,
MP-powered wands
a: Exsanguinate, Renounce Religion


You were on level 3 of the Dungeon.
You worshipped Cheibriados.
Cheibriados was greatly pleased with you.
You visited 2 branches of the dungeon, and saw 8 of its levels.

You collected 235 gold pieces.

Inventory:

Hand Weapons
 i - a +1 dagger of electrocution (weapon)
 n - a +2 dagger of venom
Missiles
 m - a throwing net
Armour
 a - a +0 leather armour (worn)
 h - a +0 chain mail
Jewellery
 e - a ring of protection from cold
 j - an amulet of faith (around neck)
 l - a ring of poison resistance (left hand)
 q - a +6 ring of dexterity (right hand)
 t - an amulet of magic regeneration
Wands
 o - a wand of iceblast (2) (quivered)
Scrolls
 b - a scroll of fog
 c - a scroll of magic mapping
 d - 2 scrolls of fear
 g - a scroll of identify
 k - a scroll of vulnerability
 s - 3 scrolls of teleportation {unknown}
 u - a scroll of amnesia
 v - a scroll of immolation {unknown}
 w - a scroll of noise {unknown}


   Skills:
 + Level 3.1 Fighting
 + Level 7.1 Short Blades
 + Level 3.7 Dodging
 + Level 9.9 Stealth
 - Level 2.1 Unarmed Combat
 + Level 1.5 Invocations


You had 6 spell levels left.
You didn't know any spells.
Your spell library contained the following spells:

 Spells                   Type           Power      Damage    Failure   Level
 Alistair's Intoxication  Tmut/Pois      0%         N/A       99%         5
 Borgnjor's Vile Clutch   Necr/Erth      0%         N/A       99%         5
 Fireball                 Conj/Fire      0%         3d3       99%         5
 Iskenderun's Battlesphe  Conj           0%         2d6       99%         5
 Conjure Ball Lightning   Conj/Air       0%         3x3d6     100%        6
 Eringya's Noxious Bog    Tmut/Pois      0%         N/A       100%        6
 Orb of Destruction       Conj           0%         N/A       100%        7


Dungeon Overview and Level Annotations

Branches:
Dungeon (7/15)             Temple (1/1) D:7

Altars:
Ashenzari
Cheibriados
Dithmenos
Elyvilon
Fedhas
Gozag
Hepliaklqana
Kikubaaqudgha
Makhleb
Nemelex Xobeh
Okawaru
Qazlal
Ru
Sif Muna
Trog
Uskayaw
Vehumet
Wu Jian
Xom
Yredelemnul
Zin
The Shining One

Annotations:
D:3 boopmooplesden's ghost, amateur MiFi
D:4 1 runed translucent door
D:5 exclusion: jelly, Prince Ribbit


Innate Abilities, Weirdness & Mutations

Your natural rate of healing is accelerated.
You have razor-sharp teeth.
You have supernaturally acute eyesight. (SInv)
You are afflicted with vampirism and can become a bat while bloodless.
You have a pair of small antennae on your head.
You have sharp toenails.
You are weak. (Str -2)
You expend magic power (3 MP) to strengthen your wands.


Message History

Okay, then.
Aiming: Dig
Press: ? - help, Shift-Dir - straight line, p - boopmooplesden's ghost A rock wall.
The rock shatters into small pieces.
The now-empty wand crumbles to dust.
Boopmooplesden's ghost hits you.
Boopmooplesden's ghost barely misses you.
Boopmooplesden's ghost says very slowly, "There's no hope."
Boopmooplesden's ghost hits you.
Boopmooplesden's ghost closely misses you.
Boopmooplesden's ghost hits you.
There is a stone staircase leading up here.
Boopmooplesden's ghost completely misses you.
You climb upwards.
There is a stone staircase leading down here.
Boopmooplesden's ghost is nearby!
As you read the scroll labelled XIOTUSTRIUNE, it crumbles to dust.
A profound silence engulfs you.
It was a scroll of silence.
Boopmooplesden's ghost hits you!
* * * LOW HITPOINT WARNING * * *
You feel better. Boopmooplesden's ghost hits you!
* * * LOW HITPOINT WARNING * * *
You hit boopmooplesden's ghost but do no damage.
You claw boopmooplesden's ghost, but do no damage.
Boopmooplesden's ghost is moderately damaged.
Boopmooplesden's ghost stares at you while slowly dragging a finger across its throat.
Boopmooplesden's ghost hits you but does no damage.
You hit boopmooplesden's ghost but do no damage.
Your kick misses boopmooplesden's ghost.
Boopmooplesden's ghost is moderately damaged.
Boopmooplesden's ghost hits you.
* * * LOW HITPOINT WARNING * * *
You feel better. Boopmooplesden's ghost hits you.
* * * LOW HITPOINT WARNING * * *
Okay, then.
Okay, then.
You don't know any spells.
Boopmooplesden's ghost hits you!
Keep bloodletting?
You die...

# #........# #.###.#
# #..####### #.#...#
###..#########.#.###
..................#
###.#.##########..#
#.#.# #..# #.#.#
#..# ###.#.# #W.#
......# #@.# ....###
#).# ##### #..#
##..# #...# #..####
#.....#
#######..##.##
#........#...##


You could see boopmooplesden's ghost.

Vanquished Creatures
  Sigmund (D:3)
  Duvessa (D:7)
  Blork the orc (D:4)
  A scorpion (D:4)
  Dowan (D:7)
  A bullfrog zombie (D:5)
  A hound (D:7)
  A jelly (D:6)
  A gnoll shaman (D:4)
  2 iguanas
  An orc wizard (D:4)
  A howler monkey zombie (D:7)
  4 gnolls
  7 adders
  A howler monkey skeleton (D:4)
  A river rat (D:4)
  An ufetubus (D:6)
  An adder skeleton (D:4)
  2 worms
  A dart slug (D:4)
  6 orcs (D:4)
  10 bats
  An endoplasm (D:2)
  2 giant cockroaches
  7 goblins
  8 hobgoblins
  14 jackals
  3 kobolds
  5 quokkas
  4 ball pythons
  2 frilled lizards
  27 rats
120 creatures vanquished.

Notes
Turn   | Place    | Note
-------+----------+-------------------------------------------
     0 | D:5      | comborobin the Vampire Delver began the quest for the Orb.
     0 | D:5      | Reached XP level 1. HP: 17/17 MP: 1/1
     6 | D:5      | Noticed a sky beast
    74 | D:5      | Noticed Prince Ribbit
   131 | D:5      | Reached skill level 1 in Short Blades
   131 | D:5      | Reached XP level 2. HP: 23/23 MP: 2/2
   194 | D:5      | Gained mutation: You are afflicted with vampirism and can
                  | become a bat while bloodless. [Vampire growth]
   194 | D:5      | Reached XP level 3. HP: 27/28 MP: 3/3
   349 | D:4      | Reached skill level 8 in Stealth
   356 | D:4      | Reached XP level 4. HP: 25/34 MP: 4/4
   516 | D:4      | Noticed a scorpion
   634 | D:4      | Found a runed translucent door.
   640 | D:4      | Noticed boopmooplesden's ghost (amateur MiFi)
   660 | D:4      | Killed a scorpion
   661 | D:4      | Reached XP level 5. HP: 39/39 MP: 5/5
   783 | D:4      | Noticed Blork the orc
   891 | D:4      | Found a runed translucent door.
   917 | D:4      | Killed Blork the orc
   918 | D:4      | Reached skill level 5 in Short Blades
   918 | D:4      | Reached skill level 9 in Stealth
   918 | D:4      | Reached XP level 6. HP: 46/46 MP: 6/6
  1516 | D:7      | Noticed Duvessa
  1696 | D:7      | Gained mutation: You are weak. (Str -2) [potion of
                  | mutation]
  1696 | D:7      | Gained mutation: You have sharp toenails. [potion of
                  | mutation]
  1696 | D:7      | Gained mutation: You expend magic power (3 MP) to
                  | strengthen your wands. [potion of mutation]
  1696 | D:7      | Gained mutation: You have a pair of small antennae on your
                  | head. [potion of mutation]
  1849 | D:7      | Killed Duvessa
  1849 | D:7      | Noticed Dowan
  1880 | D:7      | Killed Dowan
  1881 | D:7      | Reached XP level 7. HP: 29/51 MP: 3/7
  2070 | D:7      | Found a staircase to the Ecumenical Temple.
  2079 | Temple   | Entered the Ecumenical Temple
  2423 | Temple   | Became a worshipper of Cheibriados the Contemplative
  2953 | D:2      | Reached * piety under Cheibriados
  3617 | D:2      | Reached ** piety under Cheibriados
  3950 | D:2      | Reached *** piety under Cheibriados
  4276 | D:3      | Found an ancient bone altar of Kikubaaqudgha.
  4277 | D:3      | Noticed Sigmund
  4278 | D:3      | Found a radiant altar of Vehumet.
  4278 | D:3      | Found an iron altar of Okawaru.
  4280 | D:3      | Killed Sigmund
  4281 | D:3      | Reached skill level 1 in Invocations
  4363 | D:3      | Found a faded altar of an unknown god.
  4731 | D:4      | Reached **** piety under Cheibriados
  4760 | D:3      | Slain by boopmooplesden's ghost

Illustrated notes

Levels and vault maps discovered:
D:1:      dpeg_arrival_shelter, layout_basic
D:2:      layout_basic, minmay_rat_hole
D:3:      layout_loops_ring, mainiacjoe_overflow_alcove_3,
          ebering_ecumenical_altar_abandoned, small_statue_intersection,
          roderic_filled_cross, uniq_sigmund
D:4:      layout_loops_ring, ebering_ghost_sewer_f, nrook_mini_vaults,
          hangedman_decor_riveting, uniq_blork_the_orc
D:5:      layout_basic, uniq_prince_ribbit1, uniq_edmund
D:6:      layout_cave_pools, kennysheep_crisscross
D:7:      layout_rooms, minmay_temple_entry_drinking_statues,
          hangedman_abyss_or_decor_passed, uniq_menkaure, uniq_duvessa
Temple:   dpeg_five_rooms_temple

Skill      XL: |  1  2  3  4  5  6  7 |
---------------+----------------------+-----
Short Blades   | 1 2 3 4 5 6 7 |  7.1
Stealth        | 8 9 |  9.9
Dodging        | 3 |  3.7
Fighting       | 3 |  3.1
Invocations    | 1 |  1.5
Unarmed Combat | |  2.1

Action                   |  1- 3 |  4- 6 |  7- 9 || total
-------------------------+-------+-------+-------++-------
Melee: Dagger            |    37 |    89 |   128 ||   254
       Bite              |     5 |     6 |     6 ||    17
       Kick              |       |     1 |    35 ||    36
       Punch             |       |       |     1 ||     1
Throw: Throwing net      |       |     3 |       ||     3
 Abil: Exsanguinate      |       |       |     1 ||     1
Evoke: Wand              |     1 |     4 |     4 ||     9
  Use: Scroll            |     2 |     3 |     2 ||     7
       Potion            |       |     3 |     3 ||     6
 Stab: Sleeping          |     1 |     5 |    22 ||    28
       Held in net/web   |       |     1 |       ||     1
Armor: Leather armour    |    11 |    21 |    20 ||    52
Dodge: Dodged            |    28 |    54 |    80 ||   162
